Map: Ice and Chrome LE

Players

Serral - Winner!

  • Race: Zerg Zerg
  • League: Master
  • Spawn Location: 7:00

AGOElazer (Elazer)

  • Race: Zerg Zerg
  • League: Master
  • Spawn Location: 1:00

Event: DreamHack SC2 Masters 2020 Fall

VOD

Have the link to the VOD?

Description

Time

  • Played on: Sept. 8, 2020, 11:45 a.m.
  • Length: 5:29

All games in this series

Show
View Real Time Build Order
Export as new Build Order

Serral Zerg - Winner!

Build Orders: Hatch First, Zergling Baneling 

Get SALT Encoding   

  12  0:00  Drone  
  13  0:11  Drone  
  14  0:16  Overlord  
  14  0:23  Drone, Extractor  
  15  0:35  Drone  
  16  0:48  Hatchery  
  15  0:52  Drone  
  15  0:54  Drone  
  17  0:58  Drone  
  18  1:08  Extractor  
  17  1:13  Spawning Pool  
  17  1:16  Drone  
  17  1:19  Drone  
  18  1:27  Drone  
  19  1:39  Drone  
  20  1:48  Drone  
  21  1:58  Overlord  
  21  1:59  Queen x2  
  21  2:00  Zergling x2  
  26  2:08  Metabolic Boost  
  26  2:10  Drone x2  
  28  2:20  Drone  
  28  2:21  Drone  
  30  2:32  Hatchery  
  30  2:34  Drone  
  30  2:36  Drone  
  31  2:43  Queen  
  33  2:51  Baneling Nest  
  33  2:54  Overlord  
  33  2:56  Drone  
  34  2:58  Zergling x2  
  34  2:59  Drone  
  34  3:04  Drone  
  36  3:13  Zergling x8  
  36  3:14  Zergling x2  
  36  3:19  Overlord  
  41  3:25  Zergling x6  
  44  3:36  Baneling x2  
  44  3:37  Zergling x4  
  46  3:41  Zergling x6  
  46  3:45  Overlord  
  49  3:49  Overlord  
  49  3:50  Zergling x2  
  50  3:59  Baneling x2  
  50  4:00  Zergling x2  
  50  4:01  Zergling x8  
  54  4:07  Zergling x4  
  56  4:12  Zergling x2  
  56  4:17  Baneling x5  
  56  4:22  Zergling x2  
  56  4:23  Zergling x8  
  61  4:28  Zergling x8  
  61  4:37  Zergling x8  
  64  4:47  Zergling x10  
  63  4:52  Baneling  
  63  4:53  Baneling x3  
  63  4:56  Zergling x4  
  60  5:01  Zergling x6  
  63  5:07  Zergling x6  
Show
View Real Time Build Order
Export as new Build Order

AGOElazer Zerg 

Build Orders: Hatch First 

Get SALT Encoding   

  12  0:00  Drone  
  13  0:12  Overlord  
  13  0:16  Drone  
  14  0:30  Drone x2  
  16  0:48  Hatchery  
  15  0:50  Drone  
  15  0:54  Drone  
  17  0:57  Drone  
  18  1:08  Extractor  
  17  1:12  Spawning Pool  
  17  1:15  Drone  
  17  1:18  Drone  
  18  1:27  Drone  
  19  1:39  Drone  
  20  1:49  Drone  
  21  2:00  Queen x2  
  21  2:01  Drone, Overlord  
  26  2:07  Metabolic Boost  
  26  2:10  Drone  
  26  2:11  Zergling x2  
  28  2:22  Drone x2  
  30  2:31  Hatchery  
  30  2:33  Drone  
  30  2:36  Drone  
  31  2:43  Overlord  
  31  2:45  Drone  
  31  2:51  Evolution Chamber  
  31  2:54  Drone x2  
  33  3:05  Zergling x4  
  35  3:07  Zergling x2  
  35  3:08  Zergling x8  
  35  3:09  Zergling x2  
  41  3:17  Drone x2  
  43  3:21  Roach Warren  
  43  3:26  Zerg Ground Armor Level 1  
  42  3:31  Drone x2  
  44  3:40  Overlord  
  44  3:44  Drone x4  
  44  3:46  Drone  
  49  3:50  Zergling x2  
  49  3:51  Overlord  
  50  4:03  Zergling x6  
  50  4:04  Roach  
  55  4:13  Roach x3  
  55  4:14  Zergling x10  
  63  4:22  Roach, Zergling x4  
  65  4:36  Overlord x2  
  57  4:51  Roach x2, Zergling x10  
  55  4:59  Roach  
  53  5:06  Zergling x6  
  56  5:13  Spore Crawler  

Tags
 
Add a new tag
Caveats
  • Supply blocks, unpowered buildings, or Contaminate may cause inaccurate times.
  • Supply counts are checked every 10 seconds.